 Dungeon Crawl Stone Soup version 0.17.0-15-g6d90897 (console) character file.

58 gw the Chiller (level 3, -3/26 HPs)
             Began as a Demigod Ice Elementalist on Nov 10, 2015.
             Slain by a gnoll
             ... wielding a +0 halberd
              (11 damage)
             ... on level 2 of the Dungeon.
             The game lasted 00:01:30 (2262 turns).

gw the Chiller (Demigod Ice Elementalist)           Turns: 2262, Time: 00:01:30

Health: -3/26      AC:  5    Str: 11    XL:     3   Next: 52%
Magic:  0/9        EV: 12    Int: 21    God:
Gold:   47         SH:  0    Dex: 16    Spells: 3 memorised, 0 levels left

rFire  . . .     SeeInvis .     f - -3 dagger (curse)
rCold  . . .     Clarity  .     b - +0 robe
rNeg   . . .     SustAt   +     (no shield)
rPois  .         Gourm    .     g - +2 helmet
rElec  .         Spirit   .     (no cloak)
rCorr  .         Warding  .     (no gloves)
rMut   .         Stasis   .     (no boots)
MR     .....                    (no amulet)
Stlth  ++........               (no ring)
                                (no ring)

@: not resistant to hostile enchantments, unstealthy
A: high mp 1, sustain attributes
a: no special abilities


You were on level 2 of the Dungeon.
You were not hungry.

You visited 1 branch of the dungeon, and saw 2 of its levels.

You collected 47 gold pieces.

Inventory:

Hand Weapons
 a - a +0 dagger
 f - a cursed -3 dagger (weapon)
Missiles
 d - 60 stones (quivered)
 h - 18 arrows
Armour
 b - a +0 robe (worn)
 g - a +2 helmet (worn)
Books
 e - a book of Frost

   Spells                             Type                      Level
   a - Freeze                         Ice                          1
   b - Throw Frost                    Conjuration/Ice              2
   c - Ozocubu's Armour               Charms/Ice                   3
   d - Throw Icicle                   Conjuration/Ice              4
   e - Summon Ice Beast               Ice/Summoning                4
   f - Condensation Shield            Ice                          4
Comestibles
 c - 2 bread rations


   Skills:
 + Level 0.1 Fighting
 + Level 1.0 Short Blades
 + Level 1.2 Armour
 - Level 1.7 Dodging
 - Level 1.7 Stealth
 * Level 2.4 Spellcasting
 - Level 0.8 Conjurations
 + Level 3.1 Ice Magic


You couldn't memorise any spells.
You knew the following spells:

 Your Spells              Type           Power        Failure   Level  Hunger
a - Freeze                Ice            ###.         4%          1    None
b - Throw Frost           Conj/Ice       ##....       12%         2    ##.....
c - Ozocubu's Armour      Chrm/Ice       #.......     24%         3    ###....


Dungeon Overview and Level Annotations

Branches:
Dungeon (2/15)


Innate Abilities, Weirdness & Mutations

You have an increased reservoir of magic (+10% MP).
Your attributes are resistant to harm.


Message History

You barely miss the gnoll.
The gnoll is almost dead.
The gnoll closely misses you.
Unknown command.
Unknown command.
Unknown command.
Unknown command.
ATTACK MOVE TO (1,0)
You hit the gnoll but do no damage.
The gnoll is severely wounded.
The gnoll closely misses you. The gnoll barely misses you.
Unknown command.
Unknown command.
Unknown command.
Unknown command.
ATTACK MOVE TO (1,0)
You barely miss the gnoll.
The gnoll is severely wounded.
The gnoll hits you from afar with a halberd!
You die...

.?. ... ##+# ....
##...## ... ##.[...##
#.. ##.......## #.##
#.........####...##.#
+.........'.pgg.)....
#.........####...##.#
#.......## #.##
##.....## ## ##...##
##'## #.# #.#
#######.##


You could see 2 gnolls.

Table legend:
 A = Turns spent in this place as a percentage of turns spent in the entire game.
 B = Non-inter-level travel turns spent in this place as a percentage of non-inter-level travel turns spent in the entire game.
 C = Inter-level travel turns spent in this place as a percentage of turns spent in this place.
 D = Turns resting spent in this place as a percentage of non-inter-level travel turns spent in this place.
 E = Turns spent auto-exploring this place as a percentage of non-inter-level travel turns spent in this place.
 F = Non-inter-level travel turns spent in this place divided by the number of levels of this place that you've seen.
                   A       B       C       D       E      F
               +-------+-------+-------+-------+-------+----------------------
         Total | 100.0 | 100.0 |   0.6 |   2.6 |   2.6 | 1173.0
       Dungeon | 100.0 | 100.0 |   0.6 |   2.6 |   2.6 | 1173.0
               +-------+-------+-------+-------+-------+----------------------

Table legend:
 A = Kills in this place as a percentage of kills in entire the game.
 B = Kills by you in this place as a percentage of kills by you in the entire game.
 C = Kills by friends in this place as a percentage of kills by friends in the entire game.
 D = Other kills in this place as a percentage of other kills in the entire game.
 E = Experience gained in this place as a percentage of experience gained in the entire game.
 F = Experience gained in this place divided by the number of levels of this place that you have seen.
                   A       B       C       D       E      F
               +-------+-------+-------+-------+-------+----------------------
         Total | 100.0 | 100.0 |  -nan |  -nan | 100.0 |  42.0
       Dungeon | 100.0 | 100.0 |  -nan |  -nan | 100.0 |  42.0
               +-------+-------+-------+-------+-------+----------------------

Vanquished Creatures
  An adder (D:2)
  A gnoll (D:2)
  2 oozes (D:1)
  A giant cockroach (D:1)
  7 goblins (D:1)
  4 hobgoblins (D:1)
  4 kobolds
  3 bats (D:1)
  4 giant newts (D:1)
  3 rats
30 creatures vanquished.

Notes
Turn   | Place    | Note
--------------------------------------------------------------
     0 | D:1      | gw the Demigod Ice Elementalist began the quest for the Orb.
     0 | D:1      | Reached XP level 1. HP: 14/14 MP: 5/5
   160 | D:1      | Reached XP level 2. HP: 10/20 MP: 0/7
   324 | D:1      | Learned a level 2 spell: Throw Frost
   829 | D:1      | Reached skill level 3 in Ice Magic
  1005 | D:1      | Reached skill level 1 in Armour
  1288 | D:1      | Reached XP level 3. HP: 26/26 MP: 1/9
  1363 | D:1      | Learned a level 3 spell: Ozocubu's Armour
  1958 | D:2      | Found an iron altar of Okawaru.
  2111 | D:2      | Reached skill level 1 in Short Blades
  2262 | D:2      | Slain by a gnoll

Action                   || total
-------------------------++-------
Melee: Dagger            ||    37
Throw: Stone             ||    23
 Cast: Freeze            ||    26
       Throw Frost       ||    36
  Eat: Chunk             ||     6

Vault maps used:
D:1:      erik_arrival_gehennom
D:2:      okawaru_metal_pillars_3, nicolae_overflow_crystal_walls,
          minmay_misc_feat_five
